 Dungeon Crawl Stone Soup version 0.30-a0-177-g1cb5dbfd7a (webtiles) character file.

Game seed: 14788270600233370810

228609 Flugkiller the Warrior (level 18, -3/137 HPs)
             Began as a Mummy Artificer on Oct 2, 2022.
             Was the Champion of Hepliaklqana.
             Slain by a vault warden
             ... wielding a +1 vorpal dire flail
              (8 damage)
             ... on level 1 of the Vaults.
             The game lasted 01:06:54 (36896 turns).

Flugkiller the Warrior (Mummy Artificer)           Turns: 36896, Time: 01:06:55

Health: -3/137     AC: 31    Str: 24    XL:     18   Next: 27%
Magic:  26/26      EV: 16    Int: 16    God:    Hepliaklqana [******]
Gold:   3060       SH: 11    Dex: 12    Spells: 17/17 levels left

rFire   + + .      SeeInvis .    w - +3 broad axe (vamp)
rCold   + + .      Faith    +    F - +0 buckler
rNeg    + + +      Spirit   .    S - +7 chain mail "Goil" {rPois Str+2}
rPois   ∞          Reflect  +    C - +2 helmet
rElec   .          Harm     .    J - scarf {rC+ rF+}
rCorr   .          Rampage  .    U - +2 pair of gloves of Anaesthesia {+Inv rF++ Int+4 Stlth+}
Will    ++...                    P - +2 pair of boots {Fly}
Stlth   ..........               u - amulet of reflection
HPRegen 0.42/turn                v - +4 ring of evasion
MPRegen 0.20/turn                s - +4 ring of evasion

@: flying, studying Armour
A: reduced essence, cold resistance 1, negative energy resistance 3, torment
resistance 2, heat vulnerability 1, in touch with death 2, no potions, faith
}: 2/15 runes: decaying, gossamer
a: Renounce Religion, Evoke Invisibility, Recall Ancestor, Ancestor Identity,
Transference, Idealise


You were on level 1 of the Vaults.
You worshipped Hepliaklqana.
Hepliaklqana was exalted by your worship.
You visited 6 branches of the dungeon, and saw 31 of its levels.
You also visited: Ice Cave.

You collected 3838 gold pieces.
You spent 778 gold pieces at shops.

Inventory:

Hand Weapons
 w - a +3 vampiric broad axe (weapon)
   (You found it on level 5 of the Dungeon)
 R - the +2 war axe "Kewithruk" {freeze, rElec Dex+3}
   (You took it off a tengu warrior on level 13 of the Dungeon)

   It freezes those it strikes, dealing additional cold damage.
   It can also slow down cold-blooded creatures.
   Dex:       It affects your dexterity (+3).
   rElec:     It insulates you from electricity.
Missiles
 h - 2 boomerangs of dispersal
 y - 19 curare-tipped darts (quivered)
 Q - 4 throwing nets
Armour
 n - a +0 cloak
   (You took it off Crazy Yiuf on level 7 of the Dungeon)
 C - a +2 helmet (worn)
   (You found it on level 9 of the Dungeon)
 E - the +1 pair of boots of Tenacity {Rampage}
   (You found it on level 4 of the Spider Nest)

   Rampage:   It bestows one free step when moving towards enemies.
 F - a +0 buckler (worn)
   (You took it off a gnoll sergeant on level 11 of the Dungeon)
 J - a scarf of resistance (worn)
   (You found it on level 2 of the Lair of Beasts)
 L - a +0 tower shield of cold resistance
   (You found it in an ice cave)
 P - a +2 pair of boots of flying (worn)
   (You bought it in a shop on level 15 of the Dungeon)
 S - the +7 chain mail "Goil" (worn) {rPois Str+2}
   (You bought it in a shop on level 14 of the Dungeon)

   Str:       It affects your strength (+2).
   rPois:     It protects you from poison.
 U - the +2 pair of gloves of Anaesthesia (worn) {+Inv rF++ Int+4 Stlth+}
   (You bought it in a shop on level 2 of the Orcish Mines)

   Int:       It affects your intelligence (+4).
   rF:        It greatly protects you from fire.
   +Inv:      It lets you turn invisible.
   Stlth:     It makes you more stealthy.
Jewellery
 c - a ring of protection from cold
   (You found it in an ice cave)
 f - a ring of wizardry
   (You found it on level 1 of the Swamp)
 j - a +6 ring of dexterity
   (You found it on level 7 of the Dungeon)
 p - a ring of protection from cold
   (You found it on level 8 of the Dungeon)
 s - a +4 ring of evasion (right hand)
   (You found it on level 1 of the Spider Nest)
 u - an amulet of reflection (around neck)
   (You found it on level 4 of the Dungeon)
 v - a +4 ring of evasion (left hand)
   (You found it on level 13 of the Dungeon)
 x - an amulet of regeneration
   (You found it on level 2 of the Spider Nest)
 N - a ring of fire
   (You found it on level 4 of the Lair of Beasts)
Wands
 a - a wand of roots (42)
   (You found it on level 7 of the Dungeon)
 d - a wand of charming (29)
 e - a wand of iceblast (2)
 m - a wand of mindburst (3)
   (You found it on level 2 of the Lair of Beasts)
 o - a wand of digging (20)
   (You took it off an orc on level 8 of the Dungeon)
 B - a wand of light (22)
   (You took it off Harold on level 10 of the Dungeon)
 K - a wand of flame (19)
 M - a wand of polymorph (11)
   (You found it on level 3 of the Lair of Beasts)
Scrolls
 b - 6 scrolls of enchant armour
 g - 2 scrolls of fear
 i - 6 scrolls of torment
 k - 4 scrolls of silence
 l - 6 scrolls of vulnerability
 q - 4 scrolls of immolation
 r - 2 scrolls of magic mapping
 t - 9 scrolls of teleportation
 A - 4 scrolls of fog
 D - 2 scrolls of summoning
 G - 2 scrolls of amnesia
 I - 10 scrolls of poison
Miscellaneous
 z - a box of beasts
   (You found it on level 4 of the Spider Nest)
 H - a tin of tremorstones (inert)
   (You found it on level 11 of the Dungeon)
 O - a phantom mirror
   (You found it on level 5 of the Lair of Beasts)


   Skills:
 + Level 16.7 Fighting
 + Level 15.3 Axes
 - Level 14.1 Armour
 - Level 0.7 Dodging
 - Level 0.7 Stealth
 - Level 8.0 Shields
 - Level 11.0 Invocations
 - Level 8.0 Evocations


You had 17 spell levels left.
You didn't know any spells.
Your spell library contained the following spells:

 Spells                   Type           Power      Damage    Failure   Level
 Sandblast                Erth           0%         2d4       80%         1
 Shock                    Conj/Air       0%         1d3       80%         1
 Passwall                 Tmut/Erth      0%         N/A       90%         2
 Scorch                   Fire           0%         2d5       90%         2
 Dazzling Flash           Conj/Hex       0%         N/A       99%         3
 Gell's Gravitas          Tloc           0%         N/A       99%         3
 Kindle Blastsparks       Fire/Tloc/Air  0%         2d10      99%         3
 Ozocubu's Armour         Ice            0%         N/A       99%         3
 Stone Arrow              Conj/Erth      0%         3d7       99%         3
 Summon Guardian Golem    Hex/Summ       0%         N/A       99%         3
 Swiftness                Air            0%         N/A       99%         3
 Teleport Other           Tloc           0%         N/A       99%         3
 Tukima's Dance           Hex            0%         N/A       99%         3
 Airstrike                Air            0%         2d(0-16)  100%        4
 Flame Wave               Conj/Fire      0%         2d4       100%        4
 Iskenderun's Mystic Bla  Conj/Tloc      0%         2d3       100%        4
 Passage of Golubria      Tloc           0%         N/A       100%        4
 Petrify                  Tmut/Erth      0%         N/A       100%        4
 Sticky Flame             Conj/Fire      0%         2d3       100%        4
 Metabolic Englaciation   Hex/Ice        0%         N/A       100%        5
 Yara's Violent Unravell  Hex/Tmut       0%         3d3       100%        5
 Dispersal                Tloc           0%         N/A       100%        6
 Simulacrum               Ice/Necr       0%         N/A       100%        6
 Starburst                Conj/Fire      0%         6d3       100%        6
 Summon Cactus Giant      Summ           0%         N/A       100%        6
 Orb of Destruction       Conj           0%         9d5       100%        7
 Ozocubu's Refrigeration  Ice            0%         4d7       100%        7
 Spellforged Servitor     Conj/Summ      0%         N/A       100%        7
 Chain Lightning          Conj/Air       0%         N/A       100%        9
 Fire Storm               Conj/Fire      0%         5d1       100%        9
 Shatter                  Erth           0%         3d5*      100%        9
 Statue Form              Tmut/Erth      Unusable   N/A       N/A         6

Dungeon Overview and Level Annotations

Branches:
Dungeon (15/15) Zot: 25464  Temple (0/1) D:4            Lair (5/5) D:9 Zot: 22933
  Swamp (4/4) Lair:2 Zot: 19514  Spider (4/4) Lair:3 Zot: 19266   Slime (0/5) Lair:5
    Orc (2/2) D:12 Zot: 10397     Elf (0/3) Orc:2        Vaults (1/5) D:13 Zot: 5894
 Depths (0/4) D:15          IceCv (visited)

Altars:
Cheibriados
Fedhas
Hepliaklqana
Kikubaaqudgha
Makhleb
Sif Muna
Trog
Wu Jian
Xom
Yredelemnul

Shops:
D:14 *   D:15 [   Orc:2 *:[[

Portals:
Trove: D:10 (give +4 storm dragon scales)

Annotations:
D:10 2 transporters, QuickerDeath's ghost, journeyman DjHW
D:13 3 runed translucent doors, Celin's ghost, journeyman DsBr
Lair:1 exclusions: oklob plant and 1 more exclusion
Spider:3 2 transporters, exclusion: orange crystal statue


Innate Abilities, Weirdness & Mutations

Your life essence is reduced to manifest your ancestor. (-10% HP)
You are immune to poison.
Your flesh is cold resistant. (rC+)
You are immune to negative energy. (rN+++)
You are immune to unholy pain and torment.
You are vulnerable to heat. (rF-)
You are strongly in touch with the powers of death.
You do not drink.
You have a special connection with the divine. (Faith)


Message History

The deep troll claws you but does no damage.
The ironbound convoker gestures at the vault warden while chanting.
The vault warden seems to grow stronger.
The deep elf high priest hits you with a +0 long sword!
You completely miss the deep elf high priest.
The deep elf high priest is severely wounded.
You slash the deep troll! You hit the deep troll.
You feel better.
You completely miss the harpy. You block the harpy's attack.
The harpy claws you but does no damage. The deep troll bites you.
You block the deep troll's attack.
The deep troll claws you but does no damage.
The deep troll bites you but does no damage.
The deep troll claws you but does no damage. x2
The deep elf high priest says, "All sinners must die."
The deep elf high priest hits you with a +0 long sword!!
The deep troll attacks as you move away!
The deep troll bites you but does no damage.
The deep troll claws you. You block the deep troll's attack.
You block the harpy's attack. The harpy claws you but does no damage.
You are too injured to fight recklessly!
The tremorstone explodes into fragments!
The burst of rock shards engulfs the vault guard.
The burst of rock shards engulfs the ironbound convoker.
The burst of rock shards engulfs the deep elf high priest.
The burst of rock shards engulfs the vault warden but does no damage.
The burst of rock shards engulfs the harpy!
The burst of rock shards engulfs the deep troll! x2
The burst of rock shards engulfs the yaktaur captain!
The burst of rock shards engulfs the vault warden.
The burst of rock shards engulfs the vault guard!
The burst of rock shards engulfs the deep troll.
The burst of rock shards engulfs the deep elf high priest!!
You kill the deep elf high priest!
The burst of rock shards engulfs the ironbound convoker.
The burst of rock shards engulfs the yaktaur captain!
The burst of rock shards engulfs the deep troll!
The burst of rock shards engulfs the deep troll!!
You kill the deep troll!
The burst of rock shards engulfs the vault warden!
The burst of rock shards engulfs the vault guard!
The burst of rock shards engulfs the deep troll!
The burst of rock shards engulfs the ironbound convoker!
The burst of rock shards engulfs the yaktaur captain!
The burst of rock shards engulfs you but does no damage.
The burst of rock shards engulfs the harpy!!
The tin is emptied!
You block the harpy's attack. The harpy claws you but does no damage.
Aiming: Fastroot
Press: ? - help, Shift-Dir - straight line, f - deep troll
Aim: a deep troll (severely wounded)
The roots erupt in riotous growth!
Roots grab the deep troll.
Roots grab the harpy.
Roots grab the vault warden.
Roots grab the ironbound convoker.
The grasping roots constrict the harpy!
You kill the harpy!
The grasping roots constrict the ironbound convoker.
The grasping roots constrict the deep troll!
The grasping roots constrict the vault warden.
The vault warden activates a sealing rune.
The deep troll closely misses you. The deep troll claws you!
The deep troll closely misses you.
You are too injured to fight recklessly!
You are too injured to fight recklessly!
You slice the deep troll!!
You kill the deep troll!
The grasping roots constrict the ironbound convoker!
The grasping roots constrict the vault warden.
The vault warden struggles to escape constriction.
You hit the yaktaur captain.
You feel better.
The yaktaur captain is heavily wounded.
The grasping roots constrict the ironbound convoker!
You kill the ironbound convoker!
The grasping roots constrict the vault warden!
The yaktaur captain hits you but does no damage.
You slash the yaktaur captain!
You feel better.
The yaktaur captain is severely wounded.
The grasping roots constrict the vault warden.
The roots release their grip on the vault warden.
The yaktaur captain hits you!
You slash the yaktaur captain!
You feel better.
The yaktaur captain is almost dead.
You block the yaktaur captain's attack.
You slash the yaktaur captain!
You feel better.
You kill the yaktaur captain!
Aiming: Fastroot
Press: ? - help, Shift-Dir - straight line The roots erupt in riotous growth!
Roots grab the vault warden.
The grasping roots constrict the vault warden.
The vault warden hits you with a +1 vorpal dire flail!!
* * * LOW HITPOINT WARNING * * *
You slash the vault warden!
The vault warden is heavily wounded.
The grasping roots constrict the vault warden, but do no damage.
You barely miss the vault warden.
The vault warden is heavily wounded.
The grasping roots constrict the vault warden.
The vault warden hits you with a +1 vorpal dire flail!!
* * * LOW HITPOINT WARNING * * *
You die...

#...#.#.#...#........#
##.#<#.#.#.##........#
#.#.#.#.#.#.#........#
#..#.#.#.#..#........#
#.#.#.#.#.#.#.†......#
##.#.#.#[#.##........#
...#.#.#...#).......'
....#.#....pp.[.....#
#...#...#..@#........#
#############........#
##########


You could see a vault warden (strong, empowered, rooted) and a vault guard.

Vanquished Creatures
  Arachne (Spider:4)
  Jorgrun (Swamp:2)
  Gastronok (D:10)
  2 thorn hunters
  A ghost moth (Spider:4)
  A frost giant (IceCv)
  An orc warlord (Orc:2)
  5 broodmothers (Spider:4)
  2 ironbound preservers (Vaults:1)
  6 eleionomae
  A bunyip (Swamp:2)
  2 dire elephants (Vaults:1)
  2 ettins (Orc:2)
  3 yaktaur captains (Vaults:1)
  An entropy weaver (Spider:3)
  A deep elf high priest (Vaults:1)
  7 hydras
  A ghost crab (Swamp:4)
  2 radroaches
  A spriggan air mage (Swamp:4)
  3 boulder beetles
  An ironbound frostheart (Vaults:1)
  4 catoblepae
  4 centaur warriors
  3 alligators
  2 tengu warriors
  A jorogumo (Spider:4)
  4 two-headed ogres
  17 death yaks
  An orc high priest (Orc:2)
  Sonja (D:9)
  A skeletal warrior (D:15)
  3 pharaoh ants
  12 deep trolls (Vaults:1)
  A spriggan druid (Swamp:4)
  Lodul (D:10)
  4 swamp dragons
  5 goliath frogs
  3 orb spiders
  A bog body (Swamp:4)
  4 steelbarb worms
  An ironbound convoker (Vaults:1)
  2 lindwurms (Swamp:4)
  A necromancer (D:15)
  A harpy (Vaults:1)
  2 deep elf pyromancers
  A frost giant zombie (D:15)
  4 orc knights
  3 deep elf zephyrmancers (D:13)
  13 wolf spiders
  2 orc sorcerers (Orc:2)
  5 manticores
  A will-o-the-wisp (Swamp:2)
  4 cyclopes
  A moth of wrath (Spider:3)
  8 ugly things
  An elephant (Lair:5)
  5 black mambas
  6 cane toads
  5 torpor snails
  A cane toad (shapeshifter) (D:13)
  A gargoyle (D:12)
  6 demonic crawlers
  6 rime drakes (IceCv)
  An unseen horror (D:12)
  2 kobold demonologists
  3 komodo dragons
  2 yaktaurs (D:13)
  3 saltlings (Orc:2)
  6 trolls
  4 tyrant leeches (Swamp:2)
  7 hornets
  4 polar bears
  2 meliai
  4 blink frogs
  A polar bear (shapeshifter) (D:13)
  10 dream sheep
  A slime creature (D:15)
  10 tarantellas
  18 culicivoras
  12 jumping spiders
  A culicivora (shapeshifter) (D:15)
  21 yaks
  7 spriggans
  A death yak simulacrum (Lair:3)
  A wraith (D:12)
  3 basilisks (Lair:4)
  17 redbacks
  A basilisk (shapeshifter) (D:14)
  3 wargs
  8 vampire mosquitoes
  2 acid dragons
  10 swamp worms
  6 water moccasins
  A glowing shapeshifter zombie (D:15)
  2 swamp drakes
  A floating eye (Lair:5)
  14 orc warriors
  An ice beast (D:6)
  7 ogres
  13 wolves
  7 centaurs
  A phantom (D:5)
  A kobold brigand (D:11)
  7 bullfrogs
  2 gnoll sergeants
  A scorpion (D:6)
  11 wights
  A cane toad simulacrum (Lair:3)
  3 killer bees (D:8)
  An elephant simulacrum (Lair:3)
  2 howler monkeys
  A jelly (D:8)
  8 orc priests
  A gnoll bouda (D:9)
  2 iguanas
  11 orc wizards
  10 gnolls
  3 adders
  6 worms
  2 dart slugs (D:1)
  47 orcs
  7 ball pythons
  4 bats
  5 endoplasms
  2 giant cockroaches
  5 goblins
  6 hobgoblins
  A jackal (D:1)
  12 kobolds
  A quokka (D:1)
  8 frilled lizards
  2 rats
  A pillar of salt (Orc:2)
590 creatures vanquished.

Vanquished Creatures (collateral kills)
  Frances (D:13)
  A thorn hunter (Swamp:4)
  An emperor scorpion (Spider:3)
  2 orc warlords
  2 broodmothers
  2 eleionomae
  2 bunyips
  A dire elephant (Vaults:1)
  2 entropy weavers (Spider:4)
  Harold (D:10)
  A shambling mangrove (Swamp:2)
  8 hydras
  3 centaur warriors
  An alligator (Swamp:4)
  A radroach (Spider:4)
  3 catoblepae
  2 two-headed ogres
  A boulder beetle (Spider:2)
  3 death yaks
  A skeletal warrior (D:15)
  5 spriggans
  A pharaoh ant (Spider:2)
  3 sun moths
  A goliath frog (Swamp:3)
  A steelbarb worm (Spider:4)
  12 swamp dragons
  2 bog bodies (Swamp:1)
  2 lindwurms
  5 orb spiders
  A phantasmal warrior (D:15)
  A deep elf archer (D:13)
  4 orc knights
  A stone giant zombie (D:15)
  4 deep elf pyromancers
  6 ugly things (D:14)
  6 wolf spiders
  A frost giant zombie (D:15)
  2 orc sorcerers (Orc:2)
  A cyclops (D:14)
  3 moths of wrath
  2 elephants (Lair:5)
  Joseph (D:7)
  A gargoyle (D:8)
  An ice statue (IceCv)
  An eye of devastation (Lair:5)
  5 demonic crawlers
  2 torpor snails (Spider:3)
  2 unseen horrors
  A cane toad (Lair:4)
  2 yaktaurs (D:13)
  A rime drake (Lair:4)
  3 komodo dragons
  3 meliai
  9 trolls
  A tyrant leech (Swamp:1)
  Grinder (D:5)
  2 saltlings (Orc:2)
  6 tarantellas
  3 blink frogs
  2 polar bears
  5 hornets
  5 dream sheep
  4 slime creatures (D:15)
  7 jumping spiders
  14 culicivoras
  3 wyverns
  A shadow (D:9)
  Eustachio (D:4)
  A wraith (D:14)
  19 yaks
  5 vampire mosquitoes
  20 redbacks
  3 steam dragons
  5 basilisks
  4 wargs
  7 swamp worms
  Duvessa (D:6)
  3 water moccasins
  5 swamp drakes
  11 orc warriors
  2 sky beasts (D:7)
  2 ice beasts
  12 ogres
  3 boggarts (D:15)
  8 centaurs
  2 wolves (IceCv)
  Blork the orc (D:5)
  A bullfrog (Lair:2)
  A kobold brigand (D:12)
  3 scorpions
  4 gnoll sergeants
  2 necrophages
  A cane toad simulacrum (Lair:3)
  5 wights
  Dowan (D:6)
  3 killer bees (D:8)
  2 howler monkeys (D:8)
  8 orc priests
  Crazy Yiuf (D:7)
  A jelly (D:6)
  2 hounds (D:6)
  5 orc wizards
  3 iguanas
  8 gnolls
  3 adders
  A shadow imp (D:6)
  A white imp (D:5)
  A worm (D:4)
  A dart slug (D:4)
  37 orcs
  A bat (D:3)
  2 giant cockroaches (D:4)
  A goblin (D:3)
  A hobgoblin (D:3)
  5 kobolds
  2 quokkas
  2 ball pythons (D:3)
  A frilled lizard (D:3)
  2 pillars of salt (Orc:2)
416 creatures vanquished.

Vanquished Creatures (others)
  A bloated husk (Swamp:4)
  An orc wizard (D:8)
  37 knights
  11 foxfires (Swamp:3)
  14 fungi
  2 pillars of salt (Orc:2)
  45 plants
  6 withered plants (D:15)
117 creatures vanquished.

Grand Total: 1123 creatures vanquished

Notes
Turn   | Place    | Note
-------+----------+-------------------------------------------
     0 | D:1      | Flugkiller the Mummy Artificer began the quest for the Orb.
     0 | D:1      | Reached XP level 1. HP: 15/15 MP: 1/1
   167 | D:1      | Reached skill level 2 in Fighting
   171 | D:1      | Reached XP level 2. HP: 17/22 MP: 2/2
   743 | D:1      | Gained mutation: You are in touch with the powers of death.
                  | [Mummy growth]
   743 | D:1      | Reached XP level 3. HP: 22/27 MP: 3/3
  1439 | D:2      | Reached skill level 3 in Fighting
  1770 | D:2      | Reached XP level 4. HP: 16/35 MP: 4/4
  2277 | D:2      | Found a faded altar of an unknown god.
  2301 | D:2      | Prayed at the altar of an unknown god.
  2301 | D:2      | Became a worshipper of Hepliaklqana the Forgotten
  2301 | D:2      | Reached * piety under Hepliaklqana
  2876 | D:3      | Reached ** piety under Hepliaklqana
  2877 | D:3      | Remembered your ancestor Lici as a knight
  3432 | D:4      | Reached XP level 5. HP: 31/36 MP: 5/5
  3545 | D:4      | Found a blossoming altar of Fedhas.
  3710 | D:4      | Found a staircase to the Ecumenical Temple.
  3999 | D:4      | Found a snail-covered altar of Cheibriados.
  4028 | D:4      | Noticed Eustachio
  4094 | D:4      | Killed Eustachio
  4095 | D:4      | Reached skill level 4 in Fighting
  4095 | D:4      | Reached XP level 6. HP: 32/43 MP: 4/6
  4183 | D:4      | Found a shimmering blue altar of Sif Muna.
  4437 | D:5      | Entered Level 5 of the Dungeon
  4493 | D:5      | Reached *** piety under Hepliaklqana
  4550 | D:5      | Reached XP level 7. HP: 44/48 MP: 7/7
  4791 | D:5      | Noticed Blork the orc
  4800 | D:5      | Killed Blork the orc
  4976 | D:5      | Noticed Grinder
  5031 | D:5      | Killed Grinder
  5032 | D:5      | Reached skill level 5 in Armour
  5321 | D:6      | Reached XP level 8. HP: 48/54 MP: 8/8
  5383 | D:6      | Noticed Duvessa
  5396 | D:6      | Killed Duvessa
  5397 | D:6      | Reached skill level 1 in Invocations
  5402 | D:6      | Noticed Dowan
  5417 | D:6      | Killed Dowan
  5563 | D:6      | Got the Enchiridion on the Atmospheric Arsonist
  5667 | D:6      | Reached skill level 5 in Fighting
  6056 | D:7      | Reached skill level 5 in Axes
  6124 | D:7      | Reached XP level 9. HP: 30/62 MP: 11/11
  6264 | D:7      | Reached **** piety under Hepliaklqana
  6268 | D:7      | Noticed Joseph
  6313 | D:7      | Killed Joseph
  6314 | D:7      | Reached skill level 6 in Fighting
  6383 | D:7      | Found a shimmering altar of Xom.
  6786 | D:7      | Found a runed translucent door.
  6787 | D:7      | Noticed Crazy Yiuf
  6973 | D:7      | Killed Crazy Yiuf
  6978 | D:7      | Identified the +10 hammer of Skirmishing {spect, rCorr
                  | Str+6}
  7028 | D:8      | Found a basalt altar of Yredelemnul.
  7077 | D:8      | Noticed a troll
  7176 | D:8      | Reached skill level 5 in Invocations
  7188 | D:8      | Reached skill level 5 in Evocations
  7339 | D:8      | HP: 3/62 [something/ball of steam (9)]
  7650 | D:8      | Killed a troll
  7651 | D:8      | Reached XP level 10. HP: 55/68 MP: 13/13
  8027 | D:8      | Found an ancient bone altar of Kikubaaqudgha.
  8138 | D:8      | Noticed a gargoyle
  8145 | D:8      | Killed a gargoyle
  8252 | D:8      | Found a bloodstained altar of Trog.
  8676 | D:9      | Noticed a two-headed ogre
  8687 | D:9      | Killed a two-headed ogre
  8888 | D:9      | Noticed a two-headed ogre
  8897 | D:9      | Killed a two-headed ogre
  8957 | D:9      | Reached skill level 7 in Fighting
  9100 | D:9      | Reached XP level 11. HP: 44/75 MP: 11/14
  9538 | D:9      | Found a staircase to the Lair.
  9554 | D:9      | Reached skill level 8 in Fighting
  9741 | D:9      | Found an ornate altar of the Wu Jian Council.
  9936 | D:10     | Entered Level 10 of the Dungeon
  9952 | D:10     | Noticed Gastronok
  9953 | D:10     | Noticed Sonja
  9999 | D:10     | Noticed Harold
  9999 | D:10     | Found a transporter.
 10042 | D:10     | Reached ***** piety under Hepliaklqana
 10061 | D:10     | Noticed Lodul
 10071 | D:10     | Killed Lodul
 10084 | D:9      | Killed Sonja
 10569 | D:10     | Noticed a deep troll
 10595 | D:10     | Found a transporter.
 10595 | D:10     | Found a bloodstained altar of Trog.
 10636 | D:10     | Killed Harold
 10735 | D:10     | Killed Gastronok
 10736 | D:10     | Reached skill level 10 in Axes
 10831 | D:10     | Found a portal to a secret trove of treasure.
 10889 | D:10     | Noticed QuickerDeath's ghost (journeyman DjHW)
 11666 | D:11     | Reached skill level 1 in Shields
 11666 | D:11     | Reached XP level 12. HP: 64/82 MP: 16/16
 11849 | D:11     | Noticed a boulder beetle
 11859 | D:11     | Killed a boulder beetle
 12036 | Lair:1   | Entered Level 1 of the Lair of Beasts
 12273 | Lair:1   | Noticed a catoblepas
 12285 | Lair:1   | Killed a catoblepas
 12441 | Lair:1   | Noticed a catoblepas
 12447 | Lair:1   | Killed a catoblepas
 13308 | Lair:2   | Noticed a death yak
 13318 | Lair:2   | Killed a death yak
 13548 | Lair:2   | Found a staircase to the Swamp.
 13815 | Lair:3   | Found a frozen archway.
 13884 | IceCv    | Entered an ice cave
 13914 | IceCv    | Noticed a death yak
 13926 | IceCv    | Reached skill level 9 in Fighting
 13927 | IceCv    | Killed a death yak
 14056 | IceCv    | Noticed a death yak
 14059 | IceCv    | Killed a death yak
 14067 | IceCv    | Gained mutation: You are strongly in touch with the powers
                  | of death. [Mummy growth]
 14067 | IceCv    | Reached XP level 13. HP: 75/90 MP: 19/19
 14553 | IceCv    | Reached skill level 10 in Fighting
 14664 | IceCv    | Noticed a frost giant
 14677 | IceCv    | Killed a frost giant
 14977 | Lair:3   | Reached skill level 10 in Armour
 15539 | Lair:3   | Found a hole to the Spider Nest.
 15915 | Lair:3   | Reached skill level 11 in Fighting
 17019 | Lair:5   | Entered Level 5 of the Lair of Beasts
 17307 | Lair:5   | Reached XP level 14. HP: 101/101 MP: 17/21
 17336 | Lair:5   | Found a staircase to the Slime Pits.
 17337 | Lair:5   | Paralysed by a floating eye for 4 turns
 17951 | Lair:5   | Reached skill level 10 in Invocations
 20339 | D:12     | Found a staircase to the Orcish Mines.
 20843 | D:13     | Reached ****** piety under Hepliaklqana
 21199 | D:13     | Noticed Frances
 21385 | D:13     | Killed Frances
 21648 | D:13     | Identified the +2 war axe "Kewithruk" {freeze, rElec Dex+3}
 22164 | D:13     | Found a runed translucent gate.
 22164 | D:13     | Found a runed translucent gate.
 22164 | D:13     | Found a runed translucent gate.
 22164 | D:13     | Noticed Celin's ghost (journeyman DsBr)
 22542 | D:13     | Found a gate to the Vaults.
 23527 | D:14     | Reached XP level 15. HP: 93/106 MP: 23/23
 23760 | D:14     | Found Gamooc's Assorted Antiques.
 23769 | D:14     | Bought a glimmering chain mail for 256 gold pieces
 23769 | D:14     | Identified the +7 chain mail "Goil" {rPois Str+2} (You
                  | bought it in a shop on level 14 of the Dungeon)
 23920 | D:15     | Entered Level 15 of the Dungeon
 23920 | D:15     | Found a staircase to the Depths.
 24905 | D:15     | Found Wodok's Antique Armour Boutique.
 24924 | D:15     | Bought a pair of glowing boots for 180 gold pieces
 25211 | Orc:1    | Entered Level 1 of the Orcish Mines
 25220 | Orc:1    | Reached skill level 12 in Fighting
 25757 | Orc:2    | Entered Level 2 of the Orcish Mines
 25850 | Orc:2    | Found a staircase to the Elven Halls.
 26031 | Orc:2    | Found Cetuy's Armour Shoppe.
 26223 | Orc:2    | Found a burning altar of Makhleb.
 26237 | Orc:2    | Reached skill level 13 in Fighting
 26256 | Orc:2    | Identified the +4 robe of Whack-A-Mole {+Inv Dex+2}
 26443 | Orc:2    | Found Janusynn's Book Boutique.
 26445 | Orc:2    | Found Qoykh's General Store.
 26646 | Orc:2    | Found Roudinuz's Antique Armour Shop.
 26730 | Orc:2    | Bought a pair of slimy gloves for 342 gold pieces
 26730 | Orc:2    | Identified the +2 pair of gloves of Anaesthesia {+Inv rF++
                  | Int+4 Stlth+} (You bought it in a shop on level 2 of the
                  | Orcish Mines)
 26983 | Swamp:1  | Entered Level 1 of the Swamp
 27170 | Swamp:1  | Reached XP level 16. HP: 109/117 MP: 24/24
 28300 | Swamp:2  | Noticed a thorn hunter
 28300 | Swamp:2  | Noticed Jorgrun
 28309 | Swamp:2  | Killed a thorn hunter
 28310 | Swamp:2  | Killed Jorgrun
 29697 | Swamp:3  | Reached skill level 14 in Fighting
 30041 | Swamp:4  | Entered Level 4 of the Swamp
 30138 | Swamp:4  | Noticed a thorn hunter
 30250 | Swamp:4  | Noticed a thorn hunter
 30348 | Swamp:3  | Killed a thorn hunter
 30422 | Swamp:4  | Reached skill level 15 in Fighting
 30435 | Swamp:4  | Killed a thorn hunter
 30900 | Swamp:4  | Got a decaying rune of Zot
 30931 | Swamp:4  | Reached skill level 5 in Shields
 31031 | Swamp:4  | Reached XP level 17. HP: 86/127 MP: 20/25
 31546 | Spider:1 | Entered Level 1 of the Spider Nest
 32302 | Spider:1 | Identified a scroll of acquirement
 32390 | Spider:1 | Acquired a manual of Armour
 33645 | Spider:3 | Found a transporter.
 34162 | Spider:3 | Found a transporter.
 34625 | Spider:4 | Entered Level 4 of the Spider Nest
 34681 | Spider:4 | Noticed Arachne
 34698 | Spider:4 | Killed Arachne
 35223 | Spider:4 | Reached skill level 16 in Fighting
 36174 | Spider:4 | Reached XP level 18. HP: 132/135 MP: 26/26
 36411 | Spider:4 | Reached skill level 15 in Axes
 36434 | Spider:4 | Identified the +1 pair of boots of Tenacity {Rampage}
 36438 | Spider:4 | Identified the +0 pair of gloves of Sorcery {Str+2}
 36441 | Spider:4 | Got a gossamer rune of Zot
 36746 | Vaults:1 | Entered Level 1 of the Vaults
 36896 | Vaults:1 | HP: 5/137 [vault warden/+1 vorpal dire flail (34)]
 36896 | Vaults:1 | Slain by a vault warden

Illustrated notes

Levels and vault maps discovered:
D:1:      eino_arrival_water_star, layout_basic
D:2:      layout_loops_ring, shapermc_ecumenical_altar_totnotflames,
          kennysheep_cluttered_room, minmay_nonomino_d4
D:3:      layout_loops_ring, nrook_mini_vaults, nicolae_figureground_pulse
D:4:      dreamdust_elfheim, layout_basic, lemuel_coloured_pillars_altar,
          mainiacjoe_overflow_cross_hatched, kennysheep_slug_shrine,
          minmay_temple_entry_statues_fountains, nicolae_eternal_life,
          uniq_eustachio
D:5:      layout_basic, nicolae_overflow_hidden_temple, uniq_grinder,
          uniq_blork_the_orc
D:6:      layout_basic, uniq_duvessa
D:7:      layout_basic, marbit_many_paths, uniq_crazy_yiuf_cottage, uniq_joseph
D:8:      layout_loops_ring, mainiacjoe_overflow_alcove_1,
          mainiacjoe_overflow_alcove_2, lemuel_round_altar, grunt_potential
D:9:      layout_roguey [special_room_orc], nicolae_wu_jian_glorious_leap,
          david_lair_shrubbed, corexii_corridor_pit
D:10:     layout_rooms, mainiacjoe_overflow_boulevard,
          gammafunk_ghost_wrathful_warriors, nicolae_trove_entry_crossroad,
          dk_rats_in_the_wall, uniq_gastronok, uniq_harold, uniq_lodul,
          uniq_sonja
D:11:     layout_gridville
D:12:     layout_roguey, kennysheep_orc_monster_closet_entryway
D:13:     layout_layer_cave, hangedman_vaults_entry_quadrant_bands,
          gammafunk_ghost_spectres, uniq_frances
D:14:     layout_roguey, minmay_staircase_windowed_large, serial_shops,
          nicolae_lakefront_shop
D:15:     gammafunk_depths_entry_grave, layout_gridville,
          chequers_serial_rivers_micro_a, serial_shops,
          nicolae_shop_competitors_out_of_business
Lair:1:   layout_chaotic_city, nicolae_lair_lindhole
Lair:2:   layout_roguey, minmay_swamp_entry_worms
Lair:3:   layout_loops_ring, hellmonk_spider_entry_life_and_decay,
          portal_ice_cave_entry_ice_simulacra, grunt_megastairs_3,
          lemuel_fruit_tree, serial_bayou_shore_a
Lair:4:   layout_hall_layers, kennysheep_basilisk_garden, lemuel_fruit_fields
Lair:5:   evilmike_catoblepas_cave, layout_regular_city,
          minmay_slime_entry_eyes, grunt_megastairs_2
Swamp:1:  nicolae_swamp_ascending_descending, layout_basic_swamp,
          serial_swamp_ruin, evilmike_swamp_ruin_house_1,
          evilmike_swamp_ruin_house_4
Swamp:2:  layout_basic_swamp, evilmike_swamp_ruin_house_6, swamp_pool4,
          uniq_jorgrun
Swamp:3:  layout_basic_swamp, evilmike_swamp_ruin_wall
Swamp:4:  swamp_alternative, layout_basic_swamp
Spider:1: layout_spider_delve
Spider:2: layout_spider_delve
Spider:3: gammafunk_sealed_arena
Spider:4: hellmonk_spider_rune_endless_swarm, uniq_arachne
Orc:1:    layout_caves
Orc:2:    hellmonk_orc_salted, layout_diamond_mine, bloody_makhleb
Vaults:1: nicolae_vaults_circle_grid_b, grunt_vaults_hallway_long, v_pattern_3,
          ontoclasm_vaults_shout, v_rooms_6, grunt_vaults_trifunnel,
          ontoclasm_vaults_tryst, ontoclasm_vaults_loading_screen,
          grunt_vaults_focal, v_misc_14, vaults_mumra_hex, vaults_room_pools,
          v_misc_19, ontoclasm_vaults_misaligned, layout_vaults_omnibox,
          serial_shops, nicolae_shop_temple_entry_statues_fountains

Skill      XL: |  1  2  3  4  5  6  7  8  9 10 11 12 13 14 15 16 17 18 |
---------------+-------------------------------------------------------+-----
Fighting       | 2 3 4 5 6 7 8 9 11 13 15 16 | 16.7
Evocations     | 3 4 6 7 8 |  8.0
Armour         | 2 3 4 5 8 9 11 12 14 | 14.1
Axes           | 3 5 6 7 10 13 14 15 | 15.3
Invocations    | 3 5 6 9 11 | 11.0
Shields        | 1 4 5 7 8 |  8.0
Dodging        | |  0.7
Stealth        | |  0.7

Action                   |  1- 3 |  4- 6 |  7- 9 | 10-12 | 13-15 | 16-18 || total
-------------------------+-------+-------+-------+-------+-------+-------++-------
Melee: Short sword       |   140 |       |       |       |       |       ||   140
       Club              |    18 |       |       |       |       |       ||    18
       Dagger            |    68 |   144 |    68 |       |       |       ||   280
       Punch             |     1 |     2 |     1 |     2 |       |       ||     6
       Broad axe         |       |       |    26 |    74 |   577 |   943 ||  1620
       Mace              |       |       |    33 |   216 |    92 |       ||   341
Throw: Dart              |       |       |       |     7 |     1 |     3 ||    11
Invok: Recall Ancestor   |       |     3 |     9 |     9 |    14 |     5 ||    40
       Ancestor Life: Kn |       |     1 |       |       |       |       ||     1
       Ancestor Identity |       |     1 |       |       |       |       ||     1
       Transference      |       |       |     1 |     2 |     6 |     3 ||    12
       Idealise          |       |       |       |       |     9 |     7 ||    16
Evoke: Wand              |       |       |     3 |    15 |    11 |    11 ||    40
       Tin of tremorston |       |       |       |       |     3 |     5 ||     8
       Phantom mirror    |       |       |       |       |     1 |       ||     1
  Use: Scroll            |     2 |     2 |     8 |     6 |    10 |    11 ||    39
 Stab: Sleeping          |     1 |       |       |       |       |       ||     1
       Distracted        |       |       |       |     5 |    16 |    11 ||    32
       Petrified         |       |       |       |     1 |       |       ||     1
Armor: Leather armour    |    81 |     5 |       |       |       |       ||    86
       Chain mail        |       |    62 |    86 |    74 |   110 |   796 ||  1128
       Plate armour      |       |       |       |   131 |   266 |       ||   397
Dodge: Dodged            |   120 |    59 |    50 |    97 |   226 |   774 ||  1326
Block: Other             |       |    12 |    39 |    42 |       |       ||    93
       Reflection        |       |       |     3 |     5 |    26 |     9 ||    43
       Buckler           |       |       |       |    89 |   366 |   691 ||  1146

Table legend: (Time is in decaauts)
 A = Elapsed time spent in this place.
 B = Non-inter-level travel time spent in this place.
 C = Inter-level travel time spent in this place.
 D = Time resting spent in this place.
 E = Time spent auto-exploring this place.
 F = Levels seen in this place.
 G = Mean time per level.
                   A        B        C        D        E       F      G
               +--------+--------+--------+--------+--------+-----+--------+
         Total |  37008 |  34414 |   2594 |  10579 |  15222 |  32 | 1156.5 |
       Dungeon |  18013 |  16579 |   1434 |   4296 |   7898 |  15 | 1200.9 |
          Lair |   7066 |   6580 |    486 |   2463 |   2879 |   5 | 1413.2 |
         Swamp |   4486 |   4282 |    204 |   2099 |   1319 |   4 | 1121.5 |
   Spider Nest |   4733 |   4354 |    379 |   1096 |   1971 |   4 | 1183.2 |
  Orcish Mines |   1602 |   1513 |     89 |    219 |    893 |   2 |  801.0 |
        Vaults |    104 |    104 |      0 |      0 |     17 |   1 |  104.0 |
      Ice Cave |   1002 |   1002 |      0 |    406 |    245 |   1 | 1002.0 |
               +--------+--------+--------+--------+--------+-----+--------+

Top non-repeatable levels by time:
     D:9: 2048 daAuts
  Lair:5: 1978 daAuts
    D:12: 1830 daAuts
    D:13: 1792 daAuts
 Swamp:2: 1720 daAuts
Spider:2: 1650 daAuts
Spider:4: 1615 daAuts
  Lair:4: 1587 daAuts
     D:8: 1480 daAuts
  Lair:3: 1407 daAuts
     D:2: 1390 daAuts
     D:1: 1317 daAuts
    D:14: 1310 daAuts
 Swamp:3: 1178 daAuts
     D:7: 1157 daAuts
